 Dungeon Crawl Stone Soup version 0.18.1-47-g9310371 (webtiles) character file.

36 sarahorange the Magician (level 3, -3/26 HPs)
             Began as a Human Wanderer on June 17, 2016.
             Killed from afar by a white imp (13 damage)
             ... with a puff of frost
             ... summoned by Natasha
             ... on level 2 of the Dungeon.
             The game lasted 00:21:53 (1401 turns).

sarahorange the Magician (Human Wanderer)           Turns: 1401, Time: 00:21:53

Health: -3/26      AC:  2    Str: 11    XL:     3   Next: 57%
Magic:  1/6        EV:  6    Int: 13    God:
Gold:   36         SH:  0    Dex: 13    Spells: 2 memorised, 3 levels left

rFire  . . .     SeeInvis .     j - +3 mace (crush)
rCold  . . .     Gourm    .     e - +0 robe
rNeg   . . .     Faith    .     (no shield)
rPois  .         Spirit   .     (no helmet)
rElec  .         Dismiss  .     (no cloak)
rCorr  .         Reflect  .     (no gloves)
SustAt .         Harm     .     (no boots)
MR     .....                    (no amulet)
Stlth  +.........               (no ring)
                                (no ring)

@: very slightly contaminated, not resistant to hostile enchantments, very
unstealthy
A: no striking features
a: no special abilities


You were on level 2 of the Dungeon.
You were not hungry.

You visited 1 branch of the dungeon, and saw 2 of its levels.

You collected 36 gold pieces.

Inventory:

Hand Weapons
 a - a +2 hand crossbow
 j - a +3 mace of crushing (weapon)
Missiles
 b - 23 bolts
 p - 16 sling bullets (quivered)
Armour
 e - a +0 robe (worn)
Jewellery
 h - a +3 ring of strength {unknown}
Scrolls
 l - a scroll of remove curse
Potions
 d - 4 potions of curing
 g - 4 potions of degeneration {unknown}
 i - a potion of might {unknown}
 k - a potion of brilliance {unknown}
 o - a potion of heal wounds {unknown}
Books
 c - the Guide on the Birds

   Spells                             Type                      Level
   a - Shock                          Conjuration/Air              1
   b - Mephitic Cloud                 Conjuration/Poison/Air       3
Comestibles
 f - 4 chunks of flesh
 m - 2 meat rations
 n - a beef jerky


   Skills:
 + Level 1.0 Fighting
 + Level 2.4 Crossbows
 + Level 2.4 Armour
   Level 2.0 Shields
 + Level 2.6 Spellcasting
 + Level 0.8 Conjurations
   Level 1.0 Necromancy
 + Level 0.2 Air Magic


You had 3 spell levels left.
You knew the following spells:

 Your Spells              Type           Power        Failure   Level  Hunger
a - Shock                 Conj/Air       #...         21%         1    #......
b - Mephitic Cloud        Conj/Pois/Air  #.......     77%         3    ###....


Dungeon Overview and Level Annotations

Branches:
Dungeon (2/15)

Altars:
Fedhas

Annotations:
D:2 Natasha


Message History

Aiming: Shock
Press: ? - help, Shift-Dir - straight line, f/p - crimson imp
Aim: a crimson imp (lightly wounded, summoned)
You miscast Shock.
Nothing appears to happen.
The crimson imp blinks!
The crimson imp shouts, "Get thee hence, thou fulsome crook-pated measle!"
The crimson imp blinks!
Natasha hisses.
The crimson imp shouts, "Flee, thou churlish doghearted pustule!"
The crimson imp barely misses you.
Natasha hisses.
Natasha casts a spell at you. The magic dart hits you!
The crimson imp misses you. The crimson imp spits at you.
The crimson imp blinks!
There is an escape hatch in the ceiling here.
The crimson imp disappears in a puff of smoke!
The white imp gestures at you. The puff of frost hits you!
Ouch! That really hurt!
You die...

######## ####### #..@h..#
....... #.§....# .......
###
#######....§.######.......
...
............5....w........
###
#######......###########.#
##### #...........###
....# ######.........
....# #......#. ....#
#.######


You could see Natasha and a white imp.

Vanquished Creatures
  An ooze (D:1)
  A worm (D:2)
  A dart slug (D:1)
  4 goblins (D:1)
  3 hobgoblins (D:1)
  2 jackals (D:2)
  5 kobolds
  A quokka (D:2)
  3 bats
  2 giant newts (D:2)
  A rat (D:1)
24 creatures vanquished.

Notes
Turn   | Place    | Note
--------------------------------------------------------------
     0 | D:1      | sarahorange the Human Wanderer began the quest for the Orb.
     0 | D:1      | sarahorange set off with: a +2 hand crossbow, 23 bolts, the Guide on the Birds, a potion of curing, a +0 robe, a bread ration
     0 | D:1      | Reached XP level 1. HP: 15/15 MP: 3/3
     0 | D:1      | Identified the Guide on the Birds
   166 | D:1      | Reached XP level 2. HP: 21/21 MP: 5/5
   194 | D:1      | Learned a level 1 spell: Shock
   614 | D:1      | Reached XP level 3. HP: 25/26 MP: 0/6
  1036 | D:2      | Learned a level 3 spell: Mephitic Cloud
  1124 | D:2      | Found a blossoming altar of Fedhas.
  1377 | D:2      | Noticed Natasha
  1401 | D:2      | Killed from afar by a white imp

Action                   || total
-------------------------++-------
Melee: Mace              ||     9
 Fire: Hand crossbow     ||    34
 Cast: Shock             ||    26
  Use: Scroll            ||     6
       Potion            ||     1
  Eat: Bread ration      ||     1
Armor: Robe              ||     8
Dodge: Dodged            ||    29
